 Dungeon Crawl Stone Soup version 0.31-a0-925-g0a390f2509 (webtiles) character file.

Game seed: 7849313318017881839

496 IdlyInterested the Trooper (level 6, -4/54 HPs)
             Began as a Demonspawn Wanderer on Oct 18, 2023.
             Killed by divine providence
             ... invoked by an orc priest
              (10 damage)
             ... on level 5 of the Dungeon.
             The game lasted 00:19:09 (5029 turns).

IdlyInterested the Trooper (Demonspawn Wanderer)    Turns: 5029, Time: 00:19:09

Health: -4/54      AC: 19    Str: 15    XL:     6   Next: 93%
Magic:  0/7        EV:  9    Int: 17    God:
Gold:   32         SH:  4    Dex: 14    Spells: 6/7 levels left

rFire   . . .        a - +0 spear
rCold   . . .        s - +0 buckler
rNeg    . . .        x - +1 scale mail of Mezcal {Drain Str+3 Int+3}
rPois   .            (helmet restricted)
rElec   .            b - +0 cloak
rCorr   .            k - +0 pair of gloves
SInv    .            (no boots)
Will    .....        C - amulet of regeneration Stlth
                     m - +4 ring of protection
HPRegen 1.09/turn    o - +4 ring of protection
MPRegen 0.10/turn

%: no passive effects
@: very slightly contaminated
A: horns 1, rugged brown scales 2
a: no special abilities


You were on level 5 of the Dungeon.
You visited 1 branch of the dungeon, and saw 5 of its levels.

You collected 240 gold pieces.
You spent 208 gold pieces at shops.

Inventory:

Hand Weapons
 a - a +0 spear (weapon)
 n - a +0 flail
 q - a +0 quarterstaff
 u - a +1 short sword of protection
 w - a +0 falchion
 y - a +0 heavy hand axe
 z - a +0 rapier
Missiles
 e - 26 stones
 j - 9 poisoned darts
 F - 3 boomerangs
 G - 2 throwing nets
Armour
 b - a +0 cloak (worn)
 d - a +0 robe
 f - a +0 chain mail
 h - a +0 ring mail
 k - a +0 pair of gloves (worn)
 s - a +0 buckler (worn)
 x - the +1 scale mail of Mezcal (worn) {Drain Str+3 Int+3}
   (You found it on level 3 of the Dungeon)

   Str+3:     It affects your strength (+3).
   Int+3:     It affects your intelligence (+3).
   Drain:     It drains your maximum health when unequipped.
Jewellery
 m - a +4 ring of protection (left hand)
 o - a +4 ring of protection (right hand)
 p - a ring of magical power
 r - a ring of flight
 C - an amulet of regeneration (around neck)
Wands
 t - a wand of flame (13)
Scrolls
 c - a scroll of fog
 g - 3 scrolls of teleportation
 l - a scroll of vulnerability
 v - a scroll of poison
 A - 3 scrolls of immolation
 B - a scroll of fear
 E - 2 scrolls of blinking
 I - 2 scrolls of identify
Potions
 i - 2 potions of curing
 D - 2 potions of resistance
 H - 2 potions of brilliance {unknown}
 J - a potion of haste {unknown}
 K - a potion of enlightenment


   Skills:
 * Level 5.9 Fighting
 - Level 1.0 Polearms
 - Level 1.0 Throwing
 - Level 2.0 Armour
 - Level 2.0 Dodging
 - Level 1.0 Stealth
 + Level 2.2 Shields
 - Level 1.0 Spellcasting
 - Level 4.3 Necromancy
 - Level 1.0 Evocations


You had 6 spell levels left.
You knew the following spells:

 Your Spells              Type           Power      Damage    Failure   Level
a - Necrotise             Necr           60%        1d7       19%         1

Your spell library contained the following spells:

 Spells                   Type           Power      Damage    Failure   Level
 Magic Dart               Conj           0%         1d3       73%         1
 Summon Small Mammal      Summ           0%         N/A       73%         1
 Blink                    Tloc           0%         N/A       86%         2
 Lesser Beckoning         Tloc           0%         N/A       86%         2
 Momentum Strike          Conj/Tloc      0%         3d8       86%         2
 Searing Ray              Conj           0%         2d4       86%         2
 Animate Dead             Necr           15%        N/A       88%         4
 Dispel Undead            Necr           15%        3d10      88%         4
 Call Canine Familiar     Summ           0%         N/A       97%         3
 Summon Guardian Golem    Hex/Summ       0%         N/A       97%         3
 Fulminant Prism          Conj/Hex       0%         3d5       100%        4


Dungeon Overview and Level Annotations

Branches:
Dungeon (5/15)
 Temple: D:4-7

Altars:
Kikubaaqudgha

Shops:
D:1 [   D:4 !


Innate Abilities, Weirdness & Mutations

You have a pair of small horns on your head.
You are mostly covered in rugged brown scales. (AC +2, +5% HP)


Message History

Aiming: Necrotise (safe; 19% risk of failure)
Press: ? - help, Q - select action, (/) - cycle Shift-Dir - straight line, f/p - orc priest
Aim: an orc priest, wielding a +0 club (almost dead, chance to affect: 72%)
You miscast Necrotise.
You are very lightly contaminated with residual magic.
Nothing appears to happen.
You block the orc's attack.
The orc priest hits you but does no damage. x2
Aiming: Necrotise (safe; 19% risk of failure)
Press: ? - help, Q - select action, (/) - cycle Shift-Dir - straight line, f/p - orc priest
Aim: an orc priest, wielding a +0 club (almost dead, chance to affect: 72%)
You miscast Necrotise.
Nothing appears to happen.
You block the orc's attack.
The orc priest hits you but does no damage. x2
Aiming: Necrotise (safe; 19% risk of failure)
Press: ? - help, Q - select action, (/) - cycle Shift-Dir - straight line, f/p - orc priest
Aim: an orc priest, wielding a +0 club (almost dead, chance to affect: 72%)
The orc priest struggles to resist.
The orc hits you but does no damage.
The orc priest hits you but does no damage. x2
Aiming: Necrotise (safe; 19% risk of failure)
Press: ? - help, Q - select action, (/) - cycle Shift-Dir - straight line, f/p - orc priest
Aim: an orc priest, wielding a +0 club (almost dead, chance to affect: 72%)
The orc priest struggles to resist.
The orc hits you but does no damage.
The orc priest calls upon Beogh to heal the orc priest.
The orc priest is healed somewhat.
The orc priest hits you with a +0 club.
* * * LOW HITPOINT WARNING * * *
Aiming: Necrotise (safe; 19% risk of failure)
Press: ? - help, Q - select action, (/) - cycle Shift-Dir - straight line, f/p - orc priest
Aim: an orc priest, wielding a +0 club (heavily wounded, chance to affect: 72%)
The orc priest writhes in agony.
The orc hits you but does no damage. The orc priest closely misses you.
The orc priest hits you but does no damage.
You hit the orc priest.
The orc priest is severely wounded.
You block the orc's attack. The orc priest barely misses you.
The orc priest mumbles some strange prayers to Beogh against you.
Beogh smites you!
You die...

..........#. ...........
.....o.... .o..oo...
#........ ##........
#........##..
###########...........
##.......@oo...####...
#........oo##..####..
#...................######
#.................#.#.....
#.........................
#...............).........
#...........#....)........
#####.......#..)..........
#...........#.............


You could see 3 orc priests and an orc.

Vanquished Creatures
  2 phantoms
  A scorpion (D:3)
  A gnoll bouda (D:5)
  Natasha (thrice) (D:2)
  9 gnolls
  An adder (D:2)
  A worm (D:2)
  3 dart slugs
  An orc (D:4)
  6 ball pythons
  5 endoplasms
  2 giant cockroaches
  8 goblins
  7 hobgoblins
  5 jackals (D:2)
  3 quokkas
  4 bats
  2 frilled lizards
  4 kobolds
  8 rats
76 creatures vanquished.

Vanquished Creatures (collateral kills)
  A gnoll (D:4)
  A dart slug (D:2)
  An orc (D:3)
3 creatures vanquished.

Grand Total: 79 creatures vanquished

Notes
Turn   | Place    | Note
-------+----------+-------------------------------------------
     0 | D:1      | IdlyInterested the Demonspawn Wanderer began the quest for
                  | the Orb.
     0 | D:1      | IdlyInterested set off with the following items: a +0
                  | spear, a +0 cloak, a scroll of fog, a +0 robe; and the
                  | following spell memorised: Necrotise; and the following
                  | spells available to memorise: Animate Dead, Dispel Undead.
     0 | D:1      | Reached XP level 1. HP: 13/13 MP: 2/2
    41 | D:1      | Found Icwah's Armour Shop.
   205 | D:1      | Reached skill level 1 in Fighting
   354 | D:1      | Gained mutation: You have a pair of small horns on your
                  | head. [demonic ancestry]
   354 | D:1      | Reached XP level 2. HP: 21/21 MP: 3/3
   644 | D:2      | Reached skill level 1 in Stealth
   862 | D:2      | Noticed Natasha
   871 | D:2      | Killed Natasha
   872 | D:2      | Reached skill level 2 in Fighting
   872 | D:2      | Gained mutation: You are partially covered in rugged brown
                  | scales. (AC +1, +3% HP) [demonic ancestry]
   872 | D:2      | Reached XP level 3. HP: 18/27 MP: 0/4
   923 | D:2      | Reached skill level 1 in Evocations
  1045 | D:2      | Reached skill level 1 in Shields
  1052 | D:2      | Gained mutation: You are mostly covered in rugged brown
                  | scales. (AC +2, +5% HP) [demonic ancestry]
  1052 | D:2      | Reached XP level 4. HP: 28/35 MP: 0/5
  1055 | D:2      | Reached skill level 3 in Fighting
  1829 | D:1      | Bought a +0 buckler for 49 gold pieces
  2051 | D:2      | Noticed Natasha
  2061 | D:2      | Killed Natasha
  2501 | D:2      | Noticed Natasha
  2516 | D:2      | Killed Natasha
  2517 | D:2      | Reached XP level 5. HP: 28/44 MP: 0/6
  2956 | D:3      | Identified the +1 scale mail of Mezcal {Drain Str+3 Int+3}
  3159 | D:3      | Reached skill level 4 in Fighting
  3743 | D:1      | Bought a +0 cloak for 49 gold pieces
  3876 | D:4      | Noticed a phantom
  3900 | D:4      | Killed a phantom
  3901 | D:4      | Reached skill level 5 in Fighting
  3901 | D:4      | Reached XP level 6. HP: 53/53 MP: 7/7
  4023 | D:4      | Found Buluwi's Distillery.
  4647 | D:4      | Bought a potion of enlightenment for 55 gold pieces
  4647 | D:4      | Bought a potion of heal wounds for 55 gold pieces
  4708 | D:5      | Entered Level 5 of the Dungeon
  4828 | D:5      | Noticed an angel
  4963 | D:5      | Found an ancient bone altar of Kikubaaqudgha.
  5022 | D:5      | HP: 1/54 [orc priest/divine providence (15)]
  5029 | D:5      | Killed from afar by an orc priest

Illustrated notes

Levels and vault maps discovered:
D:1:      dpeg_arrival_three_same_balls, layout_basic, serial_shops, shop,
          minmay_misc_feat_nine_boxes
D:2:      layout_basic, st_stairs_14, uniq_natasha
D:3:      layout_loops_cross, minmay_pentomino_pile
D:4:      layout_loops_ring, serial_shops, nicolae_shop_industrial_runoff
D:5:      layout_basic, kiku_gazebo_garden_becter, zin_angel,
          nicolae_vehumet_radiance, chequers_big_river, hangedman_glass_teeth,
          chequers_mini_garden

Skill      XL: |  1  2  3  4  5  6 |
---------------+-------------------+-----
Fighting       | 1 2 3 5 |  5.9
Stealth        | 1 |  1.0
Evocations     | 1 |  1.0
Shields        | 1 2 |  2.2
Armour         | 2 |  2.0
Dodging        | 2 |  2.0
Polearms       | |  1.0
Throwing       | |  1.0
Spellcasting   | |  1.0
Necromancy     | |  4.3

Action                     |  1- 3 |  4- 6 || total
---------------------------+-------+-------++-------
  Melee: Spear             |    63 |   214 ||   277
         Headbutt          |     5 |    34 ||    39
  Throw: Dart              |     2 |       ||     2
   Cast: Necrotise         |     9 |    53 ||    62
    Use: Scroll            |     1 |     7 ||     8
         Potion            |       |     1 ||     1
   Stab: Sleeping          |       |     1 ||     1
         Distracted        |       |     1 ||     1
 Armour: Ring mail         |    34 |    53 ||    87
         Robe              |     4 |       ||     4
         Scale mail        |       |   143 ||   143
  Dodge: Dodged            |    32 |    96 ||   128
  Block: Buckler           |       |    50 ||    50

Table legend: (Time is in decaauts)
 A = Elapsed time spent in this place.
 B = Non-inter-level travel time spent in this place.
 C = Inter-level travel time spent in this place.
 D = Time resting spent in this place.
 E = Time spent auto-exploring this place.
 F = Levels seen in this place.
 G = Mean time per level.
                   A        B        C        D        E       F      G
               +--------+--------+--------+--------+--------+-----+--------+
         Total |   5061 |   4082 |    979 |    541 |   2502 |   5 | 1012.2 |
       Dungeon |   5061 |   4082 |    979 |    541 |   2502 |   5 | 1012.2 |
               +--------+--------+--------+--------+--------+-----+--------+

Top non-repeatable levels by time:
     D:2: 1988 daAuts
     D:3: 1018 daAuts
     D:4: 940 daAuts
     D:1: 875 daAuts
     D:5: 238 daAuts
